Barracuda vs Falcons

Created - Friday, February 12, 2016 at 03:41

Goals
1 2 3 OT1 SO T
Barracuda 0 1 0 0 1 2
Falcons 0 1 0 0 0 1
Shots
1 2 3 OT1 SO T
Barracuda 9 12 9 3 3 33
Falcons 4 19 11 1 3 35

1st period

No Goal

Penalties :
Mike Halmo (SJO) for Roughing (Minor) at 2:19, Vincent LoVerde (SPR) for Hooking (Minor) at 3:08, Eric Tangradi (SPR) for Fighting (Major) at 6:09, Brendan Mikkelson (SJO) for Fighting (Major) at 6:09

2nd period

1. Falcons , Shane Harper 5 (Michael Kostka) at 4:51
2. Barracuda , Vincent Lecavalier 13 (Taylor Chorney) at 10:58 (PP)

Penalties :
Duncan Siemens (SPR) for Fighting (Major) at 1:51, Dominik Uher (SJO) for Fighting (Major) at 1:51, Shane Harper (SPR) for Fighting (Major) at 6:01, Danny Syvret (SJO) for Fighting (Major) at 6:01, Michael Kostka (SPR) for Fighting (Major) at 8:02, Mark McNeill (SJO) for Fighting (Major) at 8:02, Vincent LoVerde (SPR) for Tripping (Minor) at 10:39, Mark Fistric (SJO) for Tripping (Minor) at 11:03

3rd period

No Goal

Penalties :
Jacob De La Rose (SPR) for Hooking (Minor) at 0:03, JC Lipon (SJO) for Roughing (Minor) at 3:31, Emile Poirier (SPR) for Hooking (Minor) at 8:22, Eric Selleck (SJO) for Roughing (Minor) at 11:06, Eric Tangradi (SPR) for Hooking (Minor) at 14:29, Taylor Chorney (SJO) for Holding (Minor) at 17:13

Overtime #1

No Goal

Penalties :
No Penalty

Shootout

Penalty Shot by Vincent Lecavalier for Barracuda - Goal!
Penalty Shot by Jacob De La Rose for Falcons - Stopped by Joey MacDonald
Penalty Shot by Mark McNeill for Barracuda - Stopped by Christopher Gibson
Penalty Shot by Freddie Hamilton for Falcons - Stopped by Joey MacDonald
Penalty Shot by Alexandre Bolduc for Barracuda - Shot Misses the Net
Penalty Shot by Drayson Bowman for Falcons - Shot Misses the Net

Penalties :
No Penalty

Goalie Stats

Joey MacDonald (SJO), 34 saves from 35 shots - (0.971), W, 19-15-14, 65:00 minutes
Christopher Gibson (SPR), 32 saves from 33 shots - (0.970), OTL, 21-9-8, 65:00 minutes

Players Stats for Barracuda

Player Name              G  A  P  +/- PIM S  H  SB GA TA FO     MP     PP MP  PK MP  
------------------------------------------------------------------------------------
Alexandre Bolduc         0  0  0   0  0   3  4  0  2  0  0/1    19:12   3:34   3:10 
Bobby Farnham            0  0  0   0  0   4  3  1  1  0  0/1    15:16   3:31   0:00 
Brendan Mikkelson        0  0  0  -1  5   1  1  1  1  6  0/0    24:25   2:57   4:42 
Christian Folin          0  0  0  -1  0   1  1  1  0  2  0/0    27:17   2:57   4:42 
Colin Smith              0  0  0   0  0   4  0  0  6  1  4/7    18:02   4:07   1:13 
Danny Syvret             0  0  0   0  5   3  1  0  0  1  0/0    21:17   3:49   4:03 
David Van Der Gulik      0  0  0  -1  0   1  0  1  4  0  0/1    11:38   0:00   0:00 
Dominik Uher             0  0  0   0  5   0  2  0  1  0  8/14   13:08   0:19   0:00 
Eric Selleck             0  0  0  -1  2   0  0  1  1  0  1/1    13:11   0:00   0:00 
JC Lipon                 0  0  0   0  2   1  0  1  1  0  0/0     7:50   0:00   0:00 
Mark Fistric             0  0  0   0  2   1  2  1  1  1  0/0    16:47   0:00   0:00 
Mark McNeill             0  0  0   0  5   1  1  1  3  0  1/2    21:23   2:39   3:55 
Max McCormick            0  0  0   0  0   1  1  0  1  0  0/0     7:42   0:00   0:00 
Maxime Fortunus          0  0  0   0  0   2  0  1  0  0  0/0    22:39   4:08   4:03 
Mike Halmo               0  0  0   0  2   2  1  0  0  0  0/1    15:51   4:07   0:00 
Rylan Schwartz           0  0  0  -1  0   4  2  0  0  1  1/6    13:16   0:00   3:22 
Taylor Chorney           0  1  1   0  2   0  0  2  0  4  0/0    17:45   0:19   0:00 
Vincent Lecavalier       1  0  1   0  0   4  3  0  1  0  10/21  23:17   2:58   5:50 

Players Stats for Falcons

Player Name              G  A  P  +/- PIM S  H  SB GA TA FO     MP     PP MP  PK MP  
------------------------------------------------------------------------------------
Brandon Davidson         0  0  0   1  0   5  0  3  0  1  0/0    29:41   3:47   5:34 
Brett Bulmer             0  0  0   0  0   1  1  0  0  0  0/0     5:46   0:00   0:12 
Drayson Bowman           0  0  0   0  0   3  1  0  2  0  1/2    15:51   4:05   0:38 
Duncan Siemens           0  0  0   0  5   0  2  0  0  0  0/0    10:47   0:00   0:19 
Emile Poirier            0  0  0   1  2   5  2  1  3  0  1/1    16:17   0:00   0:58 
Eric Tangradi            0  0  0   0  7   1  1  0  1  0  0/1    16:10   4:40   0:00 
Freddie Hamilton         0  0  0   0  0   4  1  0  8  1  1/1    24:50   3:32   4:01 
Gabriel Dumont           0  0  0   1  0   2  1  1  5  1  4/6    17:24   0:00   2:43 
Greg Rallo               0  0  0   0  0   1  1  0  2  0  0/0    17:53   4:40   0:00 
Henrik Tommernes         0  0  0   0  0   0  0  0  0  0  0/0     5:58   0:00   0:00 
Jacob De La Rose         0  0  0   0  2   4  0  1  5  1  17/31  24:29   3:35   3:17 
Joey Hishon              0  0  0   0  0   4  1  1  3  0  5/12   20:43   4:19   2:21 
Michael Kostka           0  1  1   1  5   0  2  0  0  3  0/0    21:35   2:40   5:34 
Shane Harper             1  0  1   1  5   2  0  0  2  0  0/0    14:35   0:00   0:00 
Slater Koekkoek          0  0  0   0  0   1  1  0  0  1  0/0    17:04   1:07   0:24 
Terry Broadhurst         0  0  0   0  0   0  0  0  0  0  1/1     7:42   1:24   0:00 
Ville Pokka              0  0  0   0  0   2  2  1  0  1  0/0    23:23   4:58   1:31 
Vincent LoVerde          0  0  0   0  4   0  1  0  0  1  0/0    21:28   4:57   0:48 

3 Stars

1 - Joey MacDonald (SJO)
2 - Christopher Gibson (SPR)
3 - Vincent Lecavalier (SJO)

Power Play

Barracuda - 1 on 5 Attempt(s) - 20.00%
Falcons - 0 on 5 Attempt(s) - 0.00%

Penalty Kill

Barracuda - 5 on 5 Attempt(s) - 100.00% - Score 0 goal in Penalty Kill
Falcons - 4 on 5 Attempt(s) - 80.00% - Score 0 goal in Penalty Kill

Team Stat

Barracuda - Hits : 22 - Faceoff Wins : 25 - Blocked Shots : 11 - Penalty Minutes : 30
Falcons - Hits : 17 - Faceoff Wins : 30 - Blocked Shots : 8 - Penalty Minutes : 30

Official

Referees : Unknown
Linesman : Unknown

Game Notes

Brendan Mikkelson beats up Eric Tangradi at 6:09 of 1st period
Duncan Siemens and Dominik Uher fight to a draw at 1:51 of 2nd period
Danny Syvret beats up Shane Harper at 6:01 of 2nd period
Michael Kostka and Mark McNeill fight to a draw at 8:02 of 2nd period

Finance

Level 1 -- Attendance: 1496 (74.80%) -- Ticket Income $52,360
Level 2 -- Attendance: 788 (78.80%) -- Ticket Income $11,820
Total Attendance: 2284 (76.13%)
Total Ticket Income: $64,180
Other Income: $31,448
Total Income: $95,628

Barracuda

5 vs 5 Forward 
   Center                   Left Wing                Right Wing               Time % Phy DF OF 
 1 Vincent Lecavalier       Alexandre Bolduc         Mark McNeill             35     1   2  2  
 2 Colin Smith              Bobby Farnham            Mike Halmo               30     1   2  2  
 3 Dominik Uher             Eric Selleck             David Van Der Gulik      22     1   2  2  
 4 Rylan Schwartz           Max McCormick            JC Lipon                 13     1   2  2  

5 vs 5 Defense 
   Defense                  Defense                                           Time % Phy DF OF 
 1 Christian Folin          Brendan Mikkelson                                 35     1   2  2  
 2 Danny Syvret             Maxime Fortunus                                   30     1   2  2  
 3 Taylor Chorney           Mark Fistric                                      22     1   2  2  
 4 Christian Folin          Brendan Mikkelson                                 13     1   2  2  

PowerPlay Forward 
   Center                   Left Wing                Right Wing               Time % Phy DF OF 
 1 Vincent Lecavalier       Alexandre Bolduc         Mark McNeill             60     1   2  2  
 2 Colin Smith              Bobby Farnham            Mike Halmo               40     1   2  2  

PowerPlay Defense
   Defense                  Defense                                           Time % Phy DF OF 
 1 Christian Folin          Brendan Mikkelson                                 60     1   2  2  
 2 Danny Syvret             Maxime Fortunus                                   40     1   2  2  

Penalty Kill 4 Players Forward 
   Center                   Wing                     Time % Phy DF OF 
 1 Vincent Lecavalier       Mark McNeill             60     1   2  2  
 2 Alexandre Bolduc         Colin Smith              40     1   2  2  

Penalty Kill 4 Players Defense
   Defense                  Defense                  Time % Phy DF OF 
 1 Christian Folin          Brendan Mikkelson        60     1   2  2  
 2 Danny Syvret             Maxime Fortunus          40     1   2  2  

Penalty Kill - 3 Players Forward 
   Forward                                           Time % Phy DF OF 
 1 Vincent Lecavalier                                60     1   2  2  
 2 Mark McNeill                                      40     1   2  2  

Penalty Kill - 3 Players Defense
   Defense                  Defense                  Time % Phy DF OF 
 1 Christian Folin          Brendan Mikkelson        60     1   2  2  
 2 Danny Syvret             Maxime Fortunus          40     1   2  2  

4 vs 4 Forward 
   Center                   Wing                     Time % Phy DF OF 
 1 Vincent Lecavalier       Mark McNeill             60     1   2  2  
 2 Alexandre Bolduc         Colin Smith              40     1   2  2  

4 vs 4 Defense
   Defense                  Defense                  Time % Phy DF OF 
 1 Christian Folin          Brendan Mikkelson        60     1   2  2  
 2 Danny Syvret             Maxime Fortunus          40     1   2  2  

Last Minutes Offensive
   Center                   Left Wing                Right Wing               Defense                  Defense                  
   Vincent Lecavalier       Alexandre Bolduc         Mark McNeill             Christian Folin          Brendan Mikkelson        

Last Minutes Defensive
   Center                   Left Wing                Right Wing               Defense                  Defense                  
   Vincent Lecavalier       Alexandre Bolduc         Mark McNeill             Christian Folin          Brendan Mikkelson        

Goaltenders
Starting : Joey MacDonald           
Backup : David Leggio             

Extra Forwards
Normal : Dominik Uher, Eric Selleck, Rylan Schwartz - PP : Dominik Uher, Eric Selleck - PK : Rylan Schwartz
Extra Defensemen
Normal : Taylor Chorney, Mark Fistric, Danny Syvret - PP : Taylor Chorney - PK : Mark Fistric, Danny Syvret
Penalty Shots
Vincent Lecavalier, Mark McNeill, Alexandre Bolduc, Colin Smith, Bobby Farnham

Falcons

5 vs 5 Forward 
   Center                   Left Wing                Right Wing               Time % Phy DF OF 
 1 Jacob De La Rose         Drayson Bowman           Freddie Hamilton         35     1   2  2  
 2 Joey Hishon              Eric Tangradi            Greg Rallo               30     1   2  2  
 3 Gabriel Dumont           Emile Poirier            Shane Harper             22     1   2  2  
 4 Jacob De La Rose         Brett Bulmer             Freddie Hamilton         13     1   2  2  

5 vs 5 Defense 
   Defense                  Defense                                           Time % Phy DF OF 
 1 Brandon Davidson         Michael Kostka                                    35     1   2  2  
 2 Ville Pokka              Vincent LoVerde                                   30     1   2  2  
 3 Slater Koekkoek          Duncan Siemens                                    22     1   2  2  
 4 Henrik Tommernes         Brandon Davidson                                  13     1   2  2  

PowerPlay Forward 
   Center                   Left Wing                Right Wing               Time % Phy DF OF 
 1 Jacob De La Rose         Drayson Bowman           Freddie Hamilton         60     1   2  2  
 2 Joey Hishon              Eric Tangradi            Greg Rallo               40     1   2  2  

PowerPlay Defense
   Defense                  Defense                                           Time % Phy DF OF 
 1 Brandon Davidson         Michael Kostka                                    60     1   2  2  
 2 Ville Pokka              Vincent LoVerde                                   40     1   2  2  

Penalty Kill 4 Players Forward 
   Center                   Wing                     Time % Phy DF OF 
 1 Jacob De La Rose         Freddie Hamilton         60     1   2  2  
 2 Drayson Bowman           Joey Hishon              40     1   2  2  

Penalty Kill 4 Players Defense
   Defense                  Defense                  Time % Phy DF OF 
 1 Brandon Davidson         Michael Kostka           60     1   2  2  
 2 Ville Pokka              Vincent LoVerde          40     1   2  2  

Penalty Kill - 3 Players Forward 
   Forward                                           Time % Phy DF OF 
 1 Jacob De La Rose                                  60     1   2  2  
 2 Freddie Hamilton                                  40     1   2  2  

Penalty Kill - 3 Players Defense
   Defense                  Defense                  Time % Phy DF OF 
 1 Brandon Davidson         Michael Kostka           60     1   2  2  
 2 Ville Pokka              Vincent LoVerde          40     1   2  2  

4 vs 4 Forward 
   Center                   Wing                     Time % Phy DF OF 
 1 Jacob De La Rose         Freddie Hamilton         60     1   2  2  
 2 Drayson Bowman           Joey Hishon              40     1   2  2  

4 vs 4 Defense
   Defense                  Defense                  Time % Phy DF OF 
 1 Brandon Davidson         Michael Kostka           60     1   2  2  
 2 Ville Pokka              Vincent LoVerde          40     1   2  2  

Last Minutes Offensive
   Center                   Left Wing                Right Wing               Defense                  Defense                  
   Jacob De La Rose         Drayson Bowman           Freddie Hamilton         Brandon Davidson         Michael Kostka           

Last Minutes Defensive
   Center                   Left Wing                Right Wing               Defense                  Defense                  
   Jacob De La Rose         Drayson Bowman           Freddie Hamilton         Brandon Davidson         Michael Kostka           

Goaltenders
Starting : Christopher Gibson       
Backup : Andrey Makarov           

Extra Forwards
Normal : Terry Broadhurst, Shane Harper, Gabriel Dumont - PP : Terry Broadhurst, Shane Harper - PK : Gabriel Dumont
Extra Defensemen
Normal : Slater Koekkoek, Duncan Siemens, Henrik Tommernes - PP : Slater Koekkoek - PK : Duncan Siemens, Henrik Tommernes
Penalty Shots
Jacob De La Rose, Freddie Hamilton, Drayson Bowman, Joey Hishon, Eric Tangradi

% Time on Ice - Barracuda

Lines # - Real PCT - Wanted PCT - Time Play
Normal Forward
1 - 28% - 35% - 11:55
2 - 27% - 30% - 11:45
3 - 27% - 22% - 11:38
4 - 18% - 13% - 7:42
Normal Defense
1 - 30% - 35% - 13:04
2 - 29% - 30% - 12:24
3 - 34% - 22% - 14:40
4 - 7% - 13% - 2:52
PP Forward
1 - 42% - 60% - 2:58
2 - 58% - 40% - 4:07
PP Defense
1 - 42% - 60% - 2:57
2 - 58% - 40% - 4:08
PK Forward
1 - 86% - 60% - 7:32
2 - 14% - 40% - 1:13
PK Defense
1 - 54% - 60% - 4:42
2 - 46% - 40% - 4:03
PK3 Forward
1 - 0% - 60%
2 - 0% - 40%
PK3 Defense
1 - 0% - 60%
2 - 0% - 40%
44 Forward
1 - 85% - 60% - 5:13
2 - 15% - 40% - 0:57
44 Defense
1 - 66% - 60% - 4:06
2 - 34% - 40% - 2:04
Last Minute Offensive  - 0:00
Last Minute Defensive  - 0:00
Total
Forward - 65:00
Defense - 65:00

% Time on Ice - Falcons

Lines # - Real PCT - Wanted PCT - Time Play
Normal Forward
1 - 26% - 35% - 11:11
2 - 30% - 30% - 13:03
3 - 32% - 22% - 13:57
4 - 11% - 13% - 4:49
Normal Defense
1 - 30% - 35% - 12:52
2 - 32% - 30% - 13:41
3 - 28% - 22% - 11:56
4 - 11% - 13% - 4:31
PP Forward
1 - 47% - 60% - 4:05
2 - 53% - 40% - 4:40
PP Defense
1 - 43% - 60% - 3:47
2 - 57% - 40% - 4:58
PK Forward
1 - 91% - 60% - 6:27
2 - 9% - 40% - 0:38
PK Defense
1 - 79% - 60% - 5:34
2 - 21% - 40% - 1:31
PK3 Forward
1 - 0% - 60%
2 - 0% - 40%
PK3 Defense
1 - 0% - 60%
2 - 0% - 40%
44 Forward
1 - 88% - 60% - 5:24
2 - 12% - 40% - 0:46
44 Defense
1 - 48% - 60% - 2:57
2 - 52% - 40% - 3:13
Last Minute Offensive  - 0:00
Last Minute Defensive  - 0:00
Total
Forward - 65:00
Defense - 65:00

Play by Play

1st period


0:01 of 1st period - Vincent Lecavalier wins face-off versus Jacob De La Rose in neutral zone.
0:29 of 1st period - Wrist shot by Drayson Bowman.
0:29 of 1st period - Shot Misses the Net.
0:37 of 1st period - Slapshot by Drayson Bowman.
0:37 of 1st period - Deflect By Vincent Lecavalier.
0:37 of 1st period - Stopped by Joey MacDonald without a rebound.
0:38 of 1st period - Colin Smith wins face-off versus Eric Tangradi in Barracuda zone.
0:45 of 1st period - Wrist shot by Bobby Farnham.
0:45 of 1st period - Stopped by Christopher Gibson with a rebound.
0:51 of 1st period - Snap shot by Colin Smith.
0:51 of 1st period - Stopped by Christopher Gibson with a rebound.
0:53 of 1st period - Slapshot by Bobby Farnham.
0:53 of 1st period - Shot Misses the Net.
0:55 of 1st period - Slapshot by Bobby Farnham.
0:55 of 1st period - Stopped by Christopher Gibson with a rebound.
0:57 of 1st period - Wrist shot by Bobby Farnham.
0:57 of 1st period - Shot Misses the Net.
0:59 of 1st period - Wrist shot by Bobby Farnham.
0:59 of 1st period - Stopped by Christopher Gibson with a rebound.
1:01 of 1st period - Backhand shot by Mike Halmo.
1:01 of 1st period - Stopped by Christopher Gibson without a rebound.
1:02 of 1st period - Emile Poirier wins face-off versus Dominik Uher in Falcons zone.
1:14 of 1st period - Snap shot by Gabriel Dumont.
1:14 of 1st period - Deflect By Shane Harper.
1:14 of 1st period - Shot Blocked by Taylor Chorney.
1:14 of 1st period - Puck is out of play.
1:15 of 1st period - Dominik Uher wins face-off versus Gabriel Dumont in Barracuda zone.
1:26 of 1st period - Snap shot by Emile Poirier.
1:26 of 1st period - Stopped by Joey MacDonald without a rebound.
1:27 of 1st period - Freddie Hamilton wins face-off versus Rylan Schwartz in Barracuda zone.
1:52 of 1st period - Wrist shot by Freddie Hamilton.
1:52 of 1st period - Shot Misses the Net.
1:54 of 1st period - Wrist shot by Jacob De La Rose.
1:54 of 1st period - Stopped by Joey MacDonald with a rebound.
1:56 of 1st period - Backhand shot by Brandon Davidson.
1:56 of 1st period - Shot Blocked by JC Lipon.
2:19 of 1st period - Minor Penalty to Mike Halmo for Roughing.
2:20 of 1st period - Joey Hishon wins face-off versus Vincent Lecavalier in Barracuda zone.
3:08 of 1st period - Minor Penalty to Vincent LoVerde for Hooking.
3:09 of 1st period - Jacob De La Rose wins face-off versus Vincent Lecavalier in Falcons zone.
4:08 of 1st period - Brendan Mikkelson is hit by Drayson Bowman.
4:18 of 1st period - Danny Syvret is hit by Slater Koekkoek and loses puck.
4:19 of 1st period - Penalty to Mike Halmo is over, Mike Halmo is back on ice.
5:08 of 1st period - Penalty to Vincent LoVerde is over, Vincent LoVerde is back on ice.
5:19 of 1st period - Slapshot by Shane Harper.
5:19 of 1st period - Shot Misses the Net.
5:21 of 1st period - Slapshot by Brandon Davidson.
5:21 of 1st period - Shot Misses the Net.
6:09 of 1st period - Brendan Mikkelson beats up Eric Tangradi.
6:09 of 1st period - Penalty to Eric Tangradi for Fighting.
6:09 of 1st period - Penalty to Brendan Mikkelson for Fighting.
6:10 of 1st period - Dominik Uher wins face-off versus Jacob De La Rose in Barracuda zone.
6:17 of 1st period - Snap shot by David Van Der Gulik.
6:17 of 1st period - Deflect By Dominik Uher.
6:17 of 1st period - Shot Misses the Net.
6:17 of 1st period - Puck is out of play.
6:18 of 1st period - Jacob De La Rose wins face-off versus Dominik Uher in Falcons zone.
6:26 of 1st period - Off-side.
6:27 of 1st period - Dominik Uher wins face-off versus Jacob De La Rose in neutral zone.
8:18 of 1st period - Emile Poirier is hit by Rylan Schwartz and loses puck.
8:23 of 1st period - Snap shot by Max McCormick.
8:23 of 1st period - Shot Misses the Net.
8:25 of 1st period - Slapshot by Danny Syvret.
8:25 of 1st period - Shot Blocked by Ville Pokka.
8:27 of 1st period - Snap shot by Max McCormick.
8:27 of 1st period - Shot Blocked by Emile Poirier.
8:41 of 1st period - Emile Poirier is hit by Bobby Farnham and loses puck.
8:48 of 1st period - Wrist shot by Colin Smith.
8:48 of 1st period - Shot Misses the Net.
8:50 of 1st period - Slapshot by Taylor Chorney.
8:50 of 1st period - Shot Misses the Net.
10:47 of 1st period - Jacob De La Rose is hit by Mark Fistric and loses puck.
11:20 of 1st period - Henrik Tommernes is hit by Christian Folin and loses puck.
12:23 of 1st period - Mark McNeill is hit by Gabriel Dumont and loses puck.
13:03 of 1st period - Danny Syvret is hit by Michael Kostka.
13:13 of 1st period - Eric Tangradi is hit by Danny Syvret and loses puck.
13:23 of 1st period - Icing by Joey Hishon.
13:24 of 1st period - Dominik Uher wins face-off versus Joey Hishon in Falcons zone.
14:11 of 1st period - Vincent LoVerde is hit by Mark Fistric.
14:37 of 1st period - Jacob De La Rose is hit by Max McCormick and loses puck.
15:06 of 1st period - Snap shot by Colin Smith.
15:06 of 1st period - Stopped by Christopher Gibson with a rebound.
16:19 of 1st period - Mark McNeill is hit by Duncan Siemens and loses puck.
17:16 of 1st period - Wrist shot by JC Lipon.
17:16 of 1st period - Stopped by Christopher Gibson with a rebound.
17:18 of 1st period - Snap shot by Max McCormick.
17:18 of 1st period - Stopped by Christopher Gibson with a rebound.
17:20 of 1st period - Snap shot by Rylan Schwartz.
17:20 of 1st period - Stopped by Christopher Gibson without a rebound.
17:21 of 1st period - Colin Smith wins face-off versus Joey Hishon in Falcons zone.
17:28 of 1st period - Snap shot by Joey Hishon.
17:28 of 1st period - Shot Misses the Net.
17:48 of 1st period - Greg Rallo is hit by Mike Halmo and loses puck.
18:10 of 1st period - David Van Der Gulik is hit by Duncan Siemens and loses puck.
18:53 of 1st period - Off-side.
18:54 of 1st period - Jacob De La Rose wins face-off versus Rylan Schwartz in neutral zone.
18:57 of 1st period - Rylan Schwartz is hit by Brett Bulmer and loses puck.
19:39 of 1st period - Wrist shot by Emile Poirier.
19:39 of 1st period - Stopped by Joey MacDonald with a rebound.
19:47 of 1st period - Snap shot by Gabriel Dumont.
19:47 of 1st period - Shot Misses the Net.
Goals for this period are 0 for Barracuda vs 0 for Falcons.
Shots for this period are 9 for Barracuda vs 4 for Falcons.

2nd period


0:01 of 2nd period - Vincent Lecavalier wins face-off versus Jacob De La Rose in neutral zone.
0:08 of 2nd period - Michael Kostka is hit by Alexandre Bolduc and loses puck.
0:25 of 2nd period - Snap shot by Alexandre Bolduc.
0:25 of 2nd period - Shot Misses the Net.
1:17 of 2nd period - Bobby Farnham is hit by Joey Hishon and loses puck.
1:40 of 2nd period - Wrist shot by Gabriel Dumont.
1:40 of 2nd period - Deflect By Shane Harper.
1:40 of 2nd period - Shot Blocked by Eric Selleck.
1:40 of 2nd period - Puck is out of play.
1:41 of 2nd period - Gabriel Dumont wins face-off versus Dominik Uher in Barracuda zone.
1:42 of 2nd period - Snap shot by Emile Poirier.
1:42 of 2nd period - Stopped by Joey MacDonald with a rebound.
1:44 of 2nd period - Wrist shot by Shane Harper.
1:44 of 2nd period - Shot Blocked by David Van Der Gulik.
1:46 of 2nd period - Slapshot by Slater Koekkoek.
1:46 of 2nd period - Shot Blocked by Taylor Chorney.
1:51 of 2nd period - Duncan Siemens and Dominik Uher fight to a draw.
1:51 of 2nd period - Penalty to Duncan Siemens for Fighting.
1:51 of 2nd period - Penalty to Dominik Uher for Fighting.
1:52 of 2nd period - Jacob De La Rose wins face-off versus Vincent Lecavalier in neutral zone.
2:17 of 2nd period - Wrist shot by Alexandre Bolduc.
2:17 of 2nd period - Deflect By Vincent Lecavalier.
2:17 of 2nd period - Stopped by Christopher Gibson with a rebound.
2:19 of 2nd period - Slapshot by Taylor Chorney.
2:19 of 2nd period - Deflect By Vincent Lecavalier.
2:19 of 2nd period - Stopped by Christopher Gibson without a rebound.
2:20 of 2nd period - Colin Smith wins face-off versus Joey Hishon in Falcons zone.
2:23 of 2nd period - Snap shot by Bobby Farnham.
2:23 of 2nd period - Shot Blocked by Joey Hishon.
2:25 of 2nd period - Slapshot by Colin Smith.
2:25 of 2nd period - Stopped by Christopher Gibson with a rebound.
2:27 of 2nd period - Snap shot by Brendan Mikkelson.
2:27 of 2nd period - Stopped by Christopher Gibson with a rebound.
2:51 of 2nd period - Wrist shot by Joey Hishon.
2:51 of 2nd period - Stopped by Joey MacDonald without a rebound.
2:52 of 2nd period - Jacob De La Rose wins face-off versus Vincent Lecavalier in Barracuda zone.
2:59 of 2nd period - Wrist shot by Jacob De La Rose.
2:59 of 2nd period - Stopped by Joey MacDonald without a rebound.
3:00 of 2nd period - Jacob De La Rose wins face-off versus Vincent Lecavalier in Barracuda zone.
3:03 of 2nd period - Snap shot by Drayson Bowman.
3:03 of 2nd period - Shot Misses the Net.
3:05 of 2nd period - Slapshot by Ville Pokka.
3:05 of 2nd period - Stopped by Joey MacDonald with a rebound.
3:07 of 2nd period - Backhand shot by Ville Pokka.
3:07 of 2nd period - Deflect By Jacob De La Rose.
3:07 of 2nd period - Stopped by Joey MacDonald without a rebound.
3:08 of 2nd period - Vincent Lecavalier wins face-off versus Jacob De La Rose in Barracuda zone.
4:26 of 2nd period - Wrist shot by Christian Folin.
4:26 of 2nd period - Shot Misses the Net.
4:51 of 2nd period - Wrist shot by Shane Harper.
4:51 of 2nd period - Goal by Shane Harper - Barracuda : 0 - Falcons : 1.
4:52 of 2nd period - Jacob De La Rose wins face-off versus Rylan Schwartz in neutral zone.
5:20 of 2nd period - Snap shot by Drayson Bowman.
5:20 of 2nd period - Shot Misses the Net.
5:22 of 2nd period - Slapshot by Brandon Davidson.
5:22 of 2nd period - Stopped by Joey MacDonald with a rebound.
6:01 of 2nd period - Danny Syvret beats up Shane Harper.
6:01 of 2nd period - Penalty to Shane Harper for Fighting.
6:01 of 2nd period - Penalty to Danny Syvret for Fighting.
6:02 of 2nd period - Vincent Lecavalier wins face-off versus Joey Hishon in Barracuda zone.
6:07 of 2nd period - Greg Rallo is hit by Vincent Lecavalier.
6:17 of 2nd period - Snap shot by Joey Hishon.
6:17 of 2nd period - Stopped by Joey MacDonald with a rebound.
6:19 of 2nd period - Slapshot by Brandon Davidson.
6:19 of 2nd period - Stopped by Joey MacDonald with a rebound.
6:21 of 2nd period - Snap shot by Eric Tangradi.
6:21 of 2nd period - Shot Misses the Net.
6:23 of 2nd period - Snap shot by Joey Hishon.
6:23 of 2nd period - Deflect By Greg Rallo.
6:23 of 2nd period - Shot Blocked by Brendan Mikkelson.
6:23 of 2nd period - Puck is out of play.
6:24 of 2nd period - Jacob De La Rose wins face-off versus Bobby Farnham in Barracuda zone.
6:27 of 2nd period - Snap shot by Drayson Bowman.
6:27 of 2nd period - Shot Blocked by Mark Fistric.
6:29 of 2nd period - Snap shot by Jacob De La Rose.
6:29 of 2nd period - Shot Blocked by Bobby Farnham.
6:31 of 2nd period - Wrist shot by Freddie Hamilton.
6:31 of 2nd period - Stopped by Joey MacDonald without a rebound.
6:32 of 2nd period - Jacob De La Rose wins face-off versus Colin Smith in Barracuda zone.
6:35 of 2nd period - Wrist shot by Freddie Hamilton.
6:35 of 2nd period - Shot Misses the Net.
6:42 of 2nd period - Snap shot by Freddie Hamilton.
6:42 of 2nd period - Stopped by Joey MacDonald with a rebound.
6:44 of 2nd period - Slapshot by Jacob De La Rose.
6:44 of 2nd period - Shot Misses the Net.
6:46 of 2nd period - Slapshot by Slater Koekkoek.
6:46 of 2nd period - Stopped by Joey MacDonald with a rebound.
7:28 of 2nd period - Slater Koekkoek is hit by Alexandre Bolduc.
7:46 of 2nd period - Wrist shot by Joey Hishon.
7:46 of 2nd period - Stopped by Joey MacDonald with a rebound.
7:48 of 2nd period - Slapshot by Brandon Davidson.
7:48 of 2nd period - Stopped by Joey MacDonald with a rebound.
8:02 of 2nd period - Michael Kostka and Mark McNeill fight to a draw.
8:02 of 2nd period - Penalty to Michael Kostka for Fighting.
8:02 of 2nd period - Penalty to Mark McNeill for Fighting.
8:03 of 2nd period - Dominik Uher wins face-off versus Jacob De La Rose in Barracuda zone.
8:34 of 2nd period - Wrist shot by Freddie Hamilton.
8:34 of 2nd period - Shot Misses the Net.
8:36 of 2nd period - Slapshot by Freddie Hamilton.
8:36 of 2nd period - Stopped by Joey MacDonald with a rebound.
9:13 of 2nd period - Slapshot by Colin Smith.
9:13 of 2nd period - Shot Blocked by Brandon Davidson.
9:15 of 2nd period - Snap shot by Maxime Fortunus.
9:15 of 2nd period - Stopped by Christopher Gibson with a rebound.
9:17 of 2nd period - Wrist shot by Bobby Farnham.
9:17 of 2nd period - Shot Misses the Net.
9:23 of 2nd period - Wrist shot by Mike Halmo.
9:23 of 2nd period - Deflect By Bobby Farnham.
9:23 of 2nd period - Stopped by Christopher Gibson with a rebound.
9:56 of 2nd period - Slater Koekkoek is hit by Vincent Lecavalier and loses puck.
10:32 of 2nd period - Wrist shot by Jacob De La Rose.
10:32 of 2nd period - Shot Misses the Net.
10:39 of 2nd period - Minor Penalty to Vincent LoVerde for Tripping.
10:40 of 2nd period - Vincent Lecavalier wins face-off versus Jacob De La Rose in Falcons zone.
10:58 of 2nd period - Snap shot by Vincent Lecavalier.
10:58 of 2nd period - Deflect By Freddie Hamilton.
10:58 of 2nd period - Goal by Vincent Lecavalier - Barracuda : 1 - Falcons : 1.
10:59 of 2nd period - Joey Hishon wins face-off versus Vincent Lecavalier in neutral zone.
11:03 of 2nd period - Minor Penalty to Mark Fistric for Tripping.
11:04 of 2nd period - Vincent Lecavalier wins face-off versus Jacob De La Rose in Barracuda zone.
11:18 of 2nd period - Wrist shot by Drayson Bowman.
11:18 of 2nd period - Stopped by Joey MacDonald with a rebound.
11:32 of 2nd period - Snap shot by Vincent Lecavalier.
11:32 of 2nd period - Stopped by Christopher Gibson with a rebound.
12:34 of 2nd period - Drayson Bowman is hit by Vincent Lecavalier and loses puck.
13:02 of 2nd period - Penalty to Mark McNeill is over, Mark McNeill is back on ice.
13:03 of 2nd period - Penalty to Mark Fistric is over, Mark Fistric is back on ice.
13:47 of 2nd period - Slapshot by Gabriel Dumont.
13:47 of 2nd period - Stopped by Joey MacDonald without a rebound.
13:48 of 2nd period - Jacob De La Rose wins face-off versus Mike Halmo in Barracuda zone.
13:57 of 2nd period - Wrist shot by Brett Bulmer.
13:57 of 2nd period - Stopped by Joey MacDonald without a rebound.
13:58 of 2nd period - Dominik Uher wins face-off versus Jacob De La Rose in Barracuda zone.
14:10 of 2nd period - Slapshot by Danny Syvret.
14:10 of 2nd period - Stopped by Christopher Gibson without a rebound.
14:11 of 2nd period - Gabriel Dumont wins face-off versus Dominik Uher in Falcons zone.
16:05 of 2nd period - Wrist shot by Rylan Schwartz.
16:05 of 2nd period - Stopped by Christopher Gibson with a rebound.
16:07 of 2nd period - Wrist shot by Rylan Schwartz.
16:07 of 2nd period - Stopped by Christopher Gibson without a rebound.
16:08 of 2nd period - Mark McNeill wins face-off versus Jacob De La Rose in Falcons zone.
16:11 of 2nd period - Wrist shot by Mark McNeill.
16:11 of 2nd period - Shot Misses the Net.
17:28 of 2nd period - Slapshot by Gabriel Dumont.
17:28 of 2nd period - Stopped by Joey MacDonald with a rebound.
17:48 of 2nd period - Off-side.
17:49 of 2nd period - Rylan Schwartz wins face-off versus Jacob De La Rose in neutral zone.
19:30 of 2nd period - Gabriel Dumont is hit by Bobby Farnham and loses puck.
19:53 of 2nd period - Snap shot by Colin Smith.
19:53 of 2nd period - Shot Misses the Net.
19:55 of 2nd period - Slapshot by Mike Halmo.
19:55 of 2nd period - Stopped by Christopher Gibson with a rebound.
Goals for this period are 1 for Barracuda vs 1 for Falcons.
Shots for this period are 12 for Barracuda vs 19 for Falcons.

3rd period


0:01 of 3rd period - Jacob De La Rose wins face-off versus Mark McNeill in neutral zone.
0:03 of 3rd period - Minor Penalty to Jacob De La Rose for Hooking.
0:04 of 3rd period - Gabriel Dumont wins face-off versus Vincent Lecavalier in Falcons zone.
1:33 of 3rd period - Wrist shot by Vincent Lecavalier.
1:33 of 3rd period - Shot Misses the Net.
1:39 of 3rd period - Snap shot by Alexandre Bolduc.
1:39 of 3rd period - Stopped by Christopher Gibson with a rebound.
1:41 of 3rd period - Slapshot by Danny Syvret.
1:41 of 3rd period - Stopped by Christopher Gibson with a rebound.
2:03 of 3rd period - Penalty to Jacob De La Rose is over, Jacob De La Rose is back on ice.
2:03 of 3rd period - Michael Kostka is hit by Bobby Farnham and loses puck.
2:12 of 3rd period - Bobby Farnham is hit by Emile Poirier and loses puck.
2:51 of 3rd period - Mark Fistric is hit by Ville Pokka and loses puck.
2:58 of 3rd period - Shane Harper is hit by Dominik Uher.
3:07 of 3rd period - Icing by Maxime Fortunus.
3:08 of 3rd period - Joey Hishon wins face-off versus Rylan Schwartz in Barracuda zone.
3:23 of 3rd period - Snap shot by Joey Hishon.
3:23 of 3rd period - Shot Blocked by Maxime Fortunus.
3:25 of 3rd period - Snap shot by Greg Rallo.
3:25 of 3rd period - Stopped by Joey MacDonald with a rebound.
3:31 of 3rd period - Minor Penalty to JC Lipon for Roughing.
3:32 of 3rd period - Drayson Bowman wins face-off versus Vincent Lecavalier in Barracuda zone.
4:05 of 3rd period - Snap shot by Joey Hishon.
4:05 of 3rd period - Stopped by Joey MacDonald with a rebound.
4:07 of 3rd period - Slapshot by Joey Hishon.
4:07 of 3rd period - Shot Blocked by Mark McNeill.
4:09 of 3rd period - Snap shot by Ville Pokka.
4:09 of 3rd period - Stopped by Joey MacDonald with a rebound.
4:43 of 3rd period - Maxime Fortunus is hit by Ville Pokka and loses puck.
5:31 of 3rd period - Penalty to JC Lipon is over, JC Lipon is back on ice.
5:31 of 3rd period - Slapshot by Freddie Hamilton.
5:31 of 3rd period - Deflect By Drayson Bowman.
5:31 of 3rd period - Stopped by Joey MacDonald with a rebound.
5:33 of 3rd period - Slapshot by Brandon Davidson.
5:33 of 3rd period - Shot Hit the Post.
5:35 of 3rd period - Slapshot by Freddie Hamilton.
5:35 of 3rd period - Shot Misses the Net.
5:37 of 3rd period - Snap shot by Drayson Bowman.
5:37 of 3rd period - Shot Misses the Net.
5:39 of 3rd period - Snap shot by Brandon Davidson.
5:39 of 3rd period - Stopped by Joey MacDonald without a rebound.
5:40 of 3rd period - Jacob De La Rose wins face-off versus Dominik Uher in Barracuda zone.
5:58 of 3rd period - Icing by Eric Selleck.
5:59 of 3rd period - Gabriel Dumont wins face-off versus David Van Der Gulik in Barracuda zone.
7:08 of 3rd period - Snap shot by Jacob De La Rose.
7:08 of 3rd period - Deflect By Freddie Hamilton.
7:08 of 3rd period - Stopped by Joey MacDonald without a rebound.
7:09 of 3rd period - Jacob De La Rose wins face-off versus Rylan Schwartz in Barracuda zone.
7:46 of 3rd period - Wrist shot by Rylan Schwartz.
7:46 of 3rd period - Stopped by Christopher Gibson with a rebound.
8:08 of 3rd period - Gabriel Dumont is hit by Mark McNeill and loses puck.
8:22 of 3rd period - Minor Penalty to Emile Poirier for Hooking.
8:23 of 3rd period - Jacob De La Rose wins face-off versus Colin Smith in Falcons zone.
8:34 of 3rd period - Off-side.
8:35 of 3rd period - Jacob De La Rose wins face-off versus Colin Smith in neutral zone.
9:09 of 3rd period - Wrist shot by Bobby Farnham.
9:09 of 3rd period - Shot Blocked by Jacob De La Rose.
9:27 of 3rd period - Gabriel Dumont is hit by Alexandre Bolduc and loses puck.
10:22 of 3rd period - Penalty to Emile Poirier is over, Emile Poirier is back on ice.
10:26 of 3rd period - Brandon Davidson is hit by Alexandre Bolduc and loses puck.
10:41 of 3rd period - Snap shot by Brett Bulmer.
10:41 of 3rd period - Shot Blocked by Christian Folin.
11:00 of 3rd period - Off-side.
11:01 of 3rd period - Joey Hishon wins face-off versus Dominik Uher in neutral zone.
11:03 of 3rd period - Off-side.
11:04 of 3rd period - Dominik Uher wins face-off versus Joey Hishon in neutral zone.
11:06 of 3rd period - Minor Penalty to Eric Selleck for Roughing.
11:07 of 3rd period - Vincent Lecavalier wins face-off versus Joey Hishon in Barracuda zone.
12:08 of 3rd period - Christian Folin is hit by Eric Tangradi and loses puck.
12:51 of 3rd period - Christian Folin is hit by Greg Rallo and loses puck.
13:04 of 3rd period - Freddie Hamilton is hit by Rylan Schwartz and loses puck.
13:06 of 3rd period - Penalty to Eric Selleck is over, Eric Selleck is back on ice.
13:27 of 3rd period - Duncan Siemens is hit by Brendan Mikkelson.
13:47 of 3rd period - Slapshot by Colin Smith.
13:47 of 3rd period - Stopped by Christopher Gibson with a rebound.
13:49 of 3rd period - Slapshot by Mark Fistric.
13:49 of 3rd period - Stopped by Christopher Gibson with a rebound.
14:29 of 3rd period - Minor Penalty to Eric Tangradi for Hooking.
14:30 of 3rd period - Colin Smith wins face-off versus Jacob De La Rose in Falcons zone.
15:07 of 3rd period - Snap shot by Alexandre Bolduc.
15:07 of 3rd period - Stopped by Christopher Gibson with a rebound.
15:09 of 3rd period - Slapshot by Danny Syvret.
15:09 of 3rd period - Stopped by Christopher Gibson with a rebound.
15:11 of 3rd period - Slapshot by Maxime Fortunus.
15:11 of 3rd period - Stopped by Christopher Gibson without a rebound.
15:12 of 3rd period - Vincent Lecavalier wins face-off versus Jacob De La Rose in Falcons zone.
15:49 of 3rd period - Vincent Lecavalier is hit by Vincent LoVerde and loses puck.
16:14 of 3rd period - Wrist shot by Jacob De La Rose.
16:14 of 3rd period - Stopped by Joey MacDonald with a rebound.
16:29 of 3rd period - Penalty to Eric Tangradi is over, Eric Tangradi is back on ice.
16:38 of 3rd period - Snap shot by Alexandre Bolduc.
16:38 of 3rd period - Deflect By Brandon Davidson.
16:38 of 3rd period - Shot Blocked by Brandon Davidson.
16:38 of 3rd period - Puck is out of play.
16:39 of 3rd period - Vincent Lecavalier wins face-off versus Joey Hishon in Falcons zone.
17:13 of 3rd period - Minor Penalty to Taylor Chorney for Holding.
17:14 of 3rd period - Joey Hishon wins face-off versus Vincent Lecavalier in Barracuda zone.
18:35 of 3rd period - Maxime Fortunus is hit by Freddie Hamilton and loses puck.
19:00 of 3rd period - Snap shot by Eric Tangradi.
19:00 of 3rd period - Stopped by Joey MacDonald with a rebound.
19:13 of 3rd period - Penalty to Taylor Chorney is over, Taylor Chorney is back on ice.
19:14 of 3rd period - Wrist shot by Freddie Hamilton.
19:14 of 3rd period - Shot Misses the Net.
19:40 of 3rd period - Snap shot by Shane Harper.
19:40 of 3rd period - Stopped by Joey MacDonald with a rebound.
19:42 of 3rd period - Slapshot by Shane Harper.
19:42 of 3rd period - Shot Misses the Net.
19:44 of 3rd period - Wrist shot by Emile Poirier.
19:44 of 3rd period - Stopped by Joey MacDonald with a rebound.
19:46 of 3rd period - Wrist shot by Emile Poirier.
19:46 of 3rd period - Stopped by Joey MacDonald without a rebound.
19:47 of 3rd period - Dominik Uher wins face-off versus Gabriel Dumont in Barracuda zone.
19:52 of 3rd period - Snap shot by David Van Der Gulik.
19:52 of 3rd period - Stopped by Christopher Gibson with a rebound.
19:54 of 3rd period - Wrist shot by Eric Selleck.
19:54 of 3rd period - Shot Blocked by Gabriel Dumont.
Goals for this period are 0 for Barracuda vs 0 for Falcons.
Shots for this period are 9 for Barracuda vs 11 for Falcons.

Overtime #1


0:01 of 1st overtime period - Vincent Lecavalier wins face-off versus Jacob De La Rose in neutral zone.
0:08 of 1st overtime period - Wrist shot by Jacob De La Rose.
0:08 of 1st overtime period - Shot Misses the Net.
0:18 of 1st overtime period - Snap shot by Mark McNeill.
0:18 of 1st overtime period - Stopped by Christopher Gibson without a rebound.
0:19 of 1st overtime period - Jacob De La Rose wins face-off versus Vincent Lecavalier in Falcons zone.
0:40 of 1st overtime period - Off-side.
0:41 of 1st overtime period - Jacob De La Rose wins face-off versus Vincent Lecavalier in neutral zone.
1:21 of 1st overtime period - Brendan Mikkelson is hit by Michael Kostka and loses puck.
2:47 of 1st overtime period - Ville Pokka is hit by Dominik Uher and loses puck.
3:05 of 1st overtime period - Maxime Fortunus is hit by Emile Poirier and loses puck.
3:14 of 1st overtime period - Wrist shot by Emile Poirier.
3:14 of 1st overtime period - Shot Misses the Net.
3:38 of 1st overtime period - Snap shot by Brandon Davidson.
3:38 of 1st overtime period - Deflect By Alexandre Bolduc.
3:38 of 1st overtime period - Stopped by Joey MacDonald without a rebound.
3:39 of 1st overtime period - Terry Broadhurst wins face-off versus Alexandre Bolduc in Barracuda zone.
4:05 of 1st overtime period - Backhand shot by Colin Smith.
4:05 of 1st overtime period - Shot Misses the Net.
4:07 of 1st overtime period - Wrist shot by Alexandre Bolduc.
4:07 of 1st overtime period - Stopped by Christopher Gibson with a rebound.
4:09 of 1st overtime period - Slapshot by Brendan Mikkelson.
4:09 of 1st overtime period - Shot Blocked by Brandon Davidson.
4:11 of 1st overtime period - Slapshot by Christian Folin.
4:11 of 1st overtime period - Stopped by Christopher Gibson with a rebound.
4:49 of 1st overtime period - Icing by Ville Pokka.
4:50 of 1st overtime period - Eric Selleck wins face-off versus Drayson Bowman in Falcons zone.
Goals for this period are 0 for Barracuda vs 0 for Falcons.
Shots for this period are 3 for Barracuda vs 1 for Falcons.

ShootOut


5:00 of 1st overtime period - Penalty Shot by Vincent Lecavalier for Barracuda.
5:00 of 1st overtime period - Backhand shot by Vincent Lecavalier.
5:00 of 1st overtime period - Goal by Vincent Lecavalier.
5:00 of 1st overtime period - Penalty Shot by Jacob De La Rose for Falcons.
5:00 of 1st overtime period - Wrist shot by Jacob De La Rose.
5:00 of 1st overtime period - Stopped by Joey MacDonald.
5:00 of 1st overtime period - Penalty Shot by Mark McNeill for Barracuda.
5:00 of 1st overtime period - Backhand shot by Mark McNeill.
5:00 of 1st overtime period - Stopped by Christopher Gibson.
5:00 of 1st overtime period - Penalty Shot by Freddie Hamilton for Falcons.
5:00 of 1st overtime period - Backhand shot by Freddie Hamilton.
5:00 of 1st overtime period - Stopped by Joey MacDonald.
5:00 of 1st overtime period - Penalty Shot by Alexandre Bolduc for Barracuda.
5:00 of 1st overtime period - Backhand shot by Alexandre Bolduc.
5:00 of 1st overtime period - Shot Misses the Net.
5:00 of 1st overtime period - Penalty Shot by Drayson Bowman for Falcons.
5:00 of 1st overtime period - Wrist shot by Drayson Bowman.
5:00 of 1st overtime period - Shot Misses the Net.